 Dungeon Crawl Stone Soup version 0.26.1-11-gd32895ea62 (webtiles) character file.

Game seed: 2367767077546593435

2419 Zeld the Slicer (level 9, 0/54 HPs)
             Began as an Octopode Brigand on May 14, 2021.
             Was a Follower of Fedhas.
             Succumbed to a killer bee's poison
             ... on level 7 of the Dungeon.
             The game lasted 00:12:39 (10731 turns).

Zeld the Slicer (Octopode Brigand)                 Turns: 10731, Time: 00:12:39

Health: 0/54       AC:  3    Str: 13    XL:     9   Next: 48%
Magic:  19/19      EV: 13    Int: 13    God:    Fedhas [*.....]
Gold:   153        SH:  0    Dex: 14    Spells: 22/22 levels left

rFire    + . .     SeeInvis .   u - +7 dagger of Soft True Grit {flame, rF+ rN+ Will+}
rCold    . . .     Faith    .   (no shield)
rNeg     + . .     Spirit   .   o - +2 hat
rPois    .         Reflect  .   (no amulet)
rElec    .         Harm     .   (no ring)
rCorr    .         Rampage  .   (no ring)
Will     +....                  (no ring)
Stlth    ++++......             (no ring)
HPRegen  0.18/turn              (no ring)
MPRegen  0.16/turn              (no ring)
                                (no ring)
                                (no ring)

@: lethally poisoned (0 -> -5), berserk cooldown
A: almost no armour, stealthy swim, amphibious, 8 rings, constrict 8, camouflage
1, gelatinous body 1
a: Renounce Religion


You were on level 7 of the Dungeon.
You worshipped Fedhas.
Fedhas was aware of your devotion.
You visited 1 branch of the dungeon, and saw 7 of its levels.

You collected 353 gold pieces.
You spent 200 gold pieces at shops.

Inventory:

Hand Weapons
 a - a +2 dagger
 f - a +3 dagger
 u - the +7 dagger of Soft True Grit (weapon) {flame, rF+ rN+ Will+}
   (You found it on level 4 of the Dungeon)

   It has been specially enchanted to burn those struck by it, causing extra
   injury to most foes and up to half again as much damage against particularly
   susceptible opponents.
   It protects you from fire.
   It protects you from negative energy.
   It affects your willpower, your defense against some magical effects.
Missiles
 b - 51 poisoned darts (quivered)
 c - 9 curare-tipped darts
Armour
 o - a +2 hat (worn)
Wands
 d - a wand of paralysis (10)
 r - a wand of digging (6)
 s - a wand of flame (16)
 x - a wand of disintegration (10)
Scrolls
 e - 2 scrolls of fear
 g - 5 scrolls of teleportation
 j - 5 scrolls of remove curse
 p - 2 scrolls of fog {unknown}
 q - a scroll of amnesia {unknown}
 v - 2 scrolls of enchant weapon {unknown}
Potions
 h - a potion of might


   Skills:
 - Level 2.0 Fighting
 - Level 10.0 Short Blades
 - Level 2.0 Throwing
 - Level 1.0 Dodging
 - Level 5.3 Stealth
 + Level 7.0 Spellcasting


You had 22 spell levels left.
You didn't know any spells.
Your spell library was empty.

Dungeon Overview and Level Annotations

Branches:
Dungeon (7/15)
 Temple: D:4-7

Altars:
Dithmenos
Fedhas
Hepliaklqana
Wu Jian
Xom

Shops:
D:4 }   D:5 (

Annotations:
D:7 Joseph


Innate Abilities, Weirdness & Mutations

You cannot wear most types of armour.
You are very stealthy in the water. (Stealth+)
You are amphibious.
You can wear up to eight rings at the same time.
You can use your tentacles to constrict eight enemies at once.
Your skin changes colour to match your surroundings (Stealth+).
Your rubbery body absorbs attacks. (AC +1, EV +1)


Message History

Okay, then.
Aiming: Throw Flame
Press: ? - help, Shift-Dir - straight line, f/p - killer bee
Aim: a killer bee (severely wounded, 61% to evade)
The puff of flame hits the killer bee!
You kill the killer bee!
Fedhas accepts your kill.
* * * LOW HITPOINT WARNING * * *
You feel sick.
Your Spellcasting skill increases to level 7!
There is a lethal amount of poison in your body!
Okay, then.
* * * LOW HITPOINT WARNING * * *
You feel sick.
Your magical effects are unravelling.
You feel magically purged.
You feel yourself speed up.
You feel yourself slow down.
Your resistance to elements expires.
You die...
Fedhas appreciates your contribution to the ecosystem.

.....#........y...#
.....+........#...#
.....######..####.#
#####y...##..####.##+#
#...'....+......#..<.#
#...#....#....>.#....#
##'##......#..###..###
#...y#######..###..#
#....# #.....@..#
#....# #........+
#....# #........#
#....# ##########
######


There were no monsters in sight!

Vanquished Creatures
  Eustachio (D:4)
  Menkaure (D:4)
  2 black bears
  An orc warrior (D:5)
  3 sky beasts
  A phantom (D:4)
  2 ogres (D:5)
  A big kobold (D:4)
  A bullfrog (D:6)
  5 wights (D:6)
  4 killer bees (D:7)
  2 bullfrog skeletons
  A jelly (D:6)
  6 orc priests
  2 hounds
  2 centaur skeletons
  An iguana (D:5)
  Natasha (thrice) (D:4)
  A worker ant (D:6)
  4 gnolls (D:6)
  A howler monkey skeleton (D:5)
  7 adders
  3 shadow imps (D:5)
  2 white imps
  2 ufetubi (D:6)
  2 adder skeletons
  4 worms
  A dart slug (D:3)
  5 leopard geckos
  27 orcs
  2 ball pythons
  3 giant cockroaches
  4 goblins
  8 hobgoblins
  8 jackals (D:3)
  12 kobolds
  3 quokkas
  11 bats
  11 frilled lizards
  10 rats
170 creatures vanquished.

Vanquished Creatures (others)
  A sky beast (D:3)
1 creature vanquished.

Grand Total: 171 creatures vanquished

Notes
Turn   | Place    | Note
-------+----------+-------------------------------------------
     0 | D:1      | Zeld the Octopode Brigand began the quest for the Orb.
     0 | D:1      | Reached XP level 1. HP: 14/14 MP: 1/1
   207 | D:1      | Reached XP level 2. HP: 19/19 MP: 2/2
  1118 | D:2      | Reached skill level 1 in Spellcasting
  1306 | D:2      | Reached skill level 3 in Short Blades
  1413 | D:2      | Reached XP level 3. HP: 24/24 MP: 4/4
  1590 | D:2      | Found a shadowy altar of Dithmenos.
  1907 | D:2      | Reached XP level 4. HP: 24/29 MP: 6/6
  2479 | D:3      | Reached skill level 4 in Short Blades
  2482 | D:3      | Noticed a sky beast
  2495 | D:3      | Killed a sky beast
  2496 | D:3      | Reached XP level 5. HP: 7/34 MP: 6/8
  3053 | D:3      | Found a faded altar of an unknown god.
  3278 | D:3      | Found an ornate altar of the Wu Jian Council.
  3769 | D:4      | Noticed a big kobold
  3774 | D:3      | Reached skill level 5 in Short Blades
  4301 | D:3      | Reached XP level 6. HP: 9/39 MP: 8/10
  4922 | D:4      | Noticed Eustachio
  4943 | D:4      | Killed Eustachio
  4944 | D:4      | Reached skill level 6 in Short Blades
  4944 | D:4      | Reached XP level 7. HP: 38/45 MP: 10/12
  5051 | D:4      | Found Banoatee's Gadget Boutique.
  5060 | D:4      | Bought a wand of digging (6) for 200 gold pieces
  5108 | D:4      | Noticed Natasha
  5110 | D:4      | Killed Natasha
  5400 | D:4      | Noticed Natasha
  5417 | D:4      | Killed Natasha
  5526 | D:4      | Noticed Menkaure
  5571 | D:4      | Reached skill level 7 in Short Blades
  5784 | D:4      | Killed Menkaure
  5785 | D:4      | Reached XP level 8. HP: 28/50 MP: 14/14
  6032 | D:4      | Got a crude dagger
  6097 | D:4      | Noticed Natasha
  6105 | D:4      | Killed Natasha
  6181 | D:4      | Identified the +7 dagger of Soft True Grit {flame, rF+ rN+
                  | Will+} (You found it on level 4 of the Dungeon)
  6185 | D:5      | Entered Level 5 of the Dungeon
  6185 | D:5      | Found a blossoming altar of Fedhas.
  6195 | D:5      | Became a worshipper of Fedhas Madash
  6358 | D:5      | Reached skill level 8 in Short Blades
  6548 | D:5      | Found Paawibbei's Antique Weapon Shoppe.
  6918 | D:5      | Reached skill level 5 in Spellcasting
  7711 | D:5      | Reached * piety under Fedhas
  7864 | D:6      | Found a shimmering altar of Xom.
  7941 | D:6      | Reached skill level 9 in Short Blades
  8449 | D:5      | Reached XP level 9. HP: 38/54 MP: 17/17
  9722 | D:6      | Reached skill level 10 in Short Blades
 10000 | D:6      | Found a hazy altar of Hepliaklqana.
 10088 | D:7      | Noticed Joseph
 10709 | D:7      | Noticed a hornet
 10727 | D:7      | HP: 2/54 [poisoned by a killer bee]
 10731 | D:7      | Succumbed to a killer bee's poison

Illustrated notes

Levels and vault maps discovered:
D:1:      wander_arrival_lonely_grave, layout_basic, minmay_misc_feat_tiny,
          hangedman_abyss_or_decor_lesser_grid, minmay_misc_feat_nine_boxes
D:2:      layout_basic, general_overflow_altar
D:3:      layout_loops_ring, pdpol_wu_jian_five_deadly_venoms,
          chequers_ecumenical_altar_simple_redux
D:4:      black_bear_nest_2, layout_basic, serial_shops, shop, sigmund_army,
          uniq_menkaure, uniq_natasha, uniq_eustachio
D:5:      layout_loops_corners, serial_shops, shop, serial_co_window_serial,
          co_window_corner_a, co_window_corner_a, co_window_paths_b,
          co_window_corner_a, co_window_corner_a, co_window_of_opportunity_b,
          co_window_cross_3, co_window_broadway_a, co_window_unsneaky_path_e,
          co_window_broadway_b, co_window_4corner_b, co_window_4corner_a,
          glass_columns_c, fedhas_altar_1
D:6:      layout_loops_cross, nzn_hepliaklqana_mist_gate,
          chequers_serial_rivers_large_a, xom_teletrap_fun
D:7:      layout_gridville, minmay_temple_entry_junction, uniq_maggie,
          uniq_duvessa, uniq_joseph

Skill      XL: |  1  2  3  4  5  6  7  8  9 |
---------------+----------------------------+-----
Spellcasting   | 1 2 3 4 5 7 |  7.0
Short Blades   | 3 4 5 6 7 9 10 | 10.0
Fighting       | |  2.0
Throwing       | |  2.0
Dodging        | |  1.0
Stealth        | |  5.3

Action                   |  1- 3 |  4- 6 |  7- 9 || total
-------------------------+-------+-------+-------++-------
Melee: Dagger            |    68 |   156 |   198 ||   422
       Constrict         |    19 |    30 |    37 ||    86
       Tentacles         |    11 |    29 |    40 ||    80
Throw: Dart              |       |     1 |     8 ||     9
Evoke: Wand              |       |       |    11 ||    11
  Use: Potion            |       |     4 |     6 ||    10
       Scroll            |       |       |     9 ||     9
 Stab: Sleeping          |    12 |    16 |    16 ||    44
       Paralysed         |       |       |     1 ||     1
       Distracted        |       |       |     3 ||     3
Armor: Skin              |     2 |    11 |     6 ||    19
Dodge: Dodged            |    38 |    79 |    77 ||   194
